 Dungeon Crawl Stone Soup version 0.29.1-15-g9cfb28693d (webtiles) character file.

Game seed: 8878263501710170040

7141 croobank the Slasher (level 10, -2/65 HPs)
             Began as a Demonspawn Fire Elementalist on Mar 20, 2023.
             Was a Follower of Hepliaklqana.
             Slain by a skeletal warrior
             ... wielding a +0 battleaxe
              (18 damage)
             ... on level 8 of the Dungeon.
             The game lasted 00:27:47 (11783 turns).

croobank the Slasher (DsFE)                        Turns: 11783, Time: 00:27:48

Health: -2/65      AC: 13    Str: 13    XL:     10   Next: 85%
Magic:  9/26       EV: 13    Int: 21    God:    Hepliaklqana [*.....]
Gold:   523        SH:  4    Dex: 13    Spells: 9/19 levels left

rFire   . . .      SeeInvis +   G - +7 long sword "Giseuch" {vorpal, Fragile Str+4 SInv}
rCold   . . .      Faith    .   P - +0 buckler
rNeg    . . .      Spirit   .   O - +2 steam dragon scales
rPois   +          Reflect  .   (helmet restricted)
rElec   .          Harm     .   (no cloak)
rCorr   .          Rampage  .   q - +0 pair of gloves of Lugoow {rPois}
Will    .....                   l - +1 pair of boots
Stlth   +++.......              (no amulet)
HPRegen 0.20/turn               t - ring of wizardry
MPRegen 0.20/turn               n - ring of magical power

@: no status effects
A: reduced essence, horns 2, yellow scales 2, foul stench 2, powered by death 1
a: Renounce Religion, Recall Ancestor, Ancestor Identity


You were on level 8 of the Dungeon.
You worshipped Hepliaklqana.
Hepliaklqana was aware of your devotion.
You visited 1 branch of the dungeon, and saw 8 of its levels.

You collected 523 gold pieces.

Inventory:

Hand Weapons
 a - a +3 short sword of venom
 o - a +1 short sword
 y - a +2 scimitar of freezing
 B - a +5 dire flail
 C - a +2 war axe
 E - a +4 trident
 G - the +7 long sword "Giseuch" (weapon) {vorpal, Fragile Str+4 SInv}
   (You found it on level 6 of the Dungeon)

   It inflicts extra damage upon your enemies.
   Str:       It affects your strength (+4).
   SInv:      It lets you see invisible.
   Fragile:   It will be destroyed if unequipped.
 N - a +2 scimitar of flaming
 R - a +4 dagger of freezing
Missiles
 s - 6 javelins
 x - 6 curare-tipped darts
 L - 7 boomerangs
 Q - 5 poisoned darts
Armour
 h - a +0 leather armour
 l - a +1 pair of boots (worn)
 q - the +0 pair of gloves of Lugoow (worn) {rPois}
   (You acquired it on level 6 of the Dungeon)

   rPois:     It protects you from poison.
 K - a +0 kite shield
 O - +2 steam dragon scales (worn)
 P - a +0 buckler (worn)
Magical Staves
 A - a staff of cold
Jewellery
 k - a ring of fire
 n - a ring of magical power (right hand)
 t - a ring of wizardry (left hand)
 I - a ring of resist corrosion
Wands
 v - a wand of acid (10)
 J - a wand of flame (37)
Scrolls
 f - a scroll of immolation
 i - 4 scrolls of teleportation
Potions
 c - 3 potions of heal wounds
 d - 3 potions of lignification
 e - a potion of brilliance
 g - a potion of attraction {unknown}
 j - 2 potions of cancellation
 m - 5 potions of haste
 r - a potion of flight
 u - 2 potions of curing
 w - 2 potions of invisibility {unknown}
 z - a potion of magic
 D - a potion of ambrosia {unknown}
 F - 2 potions of mutation {unknown}


   Skills:
 + Level 4.9 Fighting
 + Level 7.2 Long Blades
 + Level 2.9 Armour
 + Level 5.2 Dodging
 + Level 5.5 Stealth
 + Level 2.8 Shields
 + Level 5.2 Spellcasting
 + Level 5.3 Conjurations
 + Level 5.5 Fire Magic
 * Level 6.1 Invocations


You had 9 spell levels left.
You knew the following spells:

 Your Spells              Type           Power      Damage    Failure   Level
a - Foxfire               Conj/Fire      100%       2x1d9     1%          1
b - Scorch                Fire           56%        2d7       1%          2
c - Inner Flame           Hex/Fire       17%        N/A       5%          3
d - Flame Wave            Conj/Fire      28%        2d9       6%          4

Your spell library contained the following spells:

 Spells                   Type           Power      Damage    Failure   Level
 Conjure Flame            Conj/Fire      28%        6-21      1%          3
 Static Discharge         Conj/Air       16%        3-5/arc   2%          2
 Freeze                   Ice            20%        1d4       6%          1
 Call Canine Familiar     Summ           5%         N/A       16%         3
 Frozen Ramparts          Ice            10%        1d2       16%         3
 Portal Projectile        Hex/Tloc       10%        N/A       16%         3
 Hailstorm                Conj/Ice       16%        3d6       19%         4
 Leda's Liquefaction      Hex/Erth       2%         N/A       45%         4
 Summon Lightning Spire   Summ/Air       5%         N/A       45%         4
 Lightning Bolt           Conj/Air       8%         1d20      45%         5
 Storm Form               Tmut/Air       2%         N/A       100%        7
 Maxwell's Capacitive Co  Air            2%         ∞         100%        8


Dungeon Overview and Level Annotations

Branches:
Dungeon (8/15)             Temple (0/1) D:7
   Lair: D:8-11

Altars:
Hepliaklqana
Nemelex Xobeh
Qazlal
Vehumet
Wu Jian
Yredelemnul

Shops:
D:8 =*


Innate Abilities, Weirdness & Mutations

Your life essence is reduced to manifest your ancestor. (-10% HP)
You have a pair of horns on your head.
You are mostly covered in yellow scales. (AC +3)
You sometimes emit foul miasma when damaged in melee.
You regenerate a little health from kills.


Message History

Your foxfire dissipates!
You swap places.
The skeletal warrior hits Xolani but does no damage.
Xolani hits the skeletal warrior.
Casting: Scorch (safe; 1% risk of failure)
Confirm with . or Enter, or press ? or * to list all spells.
Flames lash the skeletal warrior but do no damage.
The skeletal warrior hits Xolani with a +0 battleaxe.
Xolani hits the skeletal warrior.
Casting: Scorch (safe; 1% risk of failure)
Confirm with . or Enter, or press ? or * to list all spells.
Flames lash the skeletal warrior but do no damage.
The skeletal warrior hits Xolani with a +0 battleaxe!!
Xolani hits the skeletal warrior but does no damage.
Casting: Scorch (safe; 1% risk of failure)
Confirm with . or Enter, or press ? or * to list all spells.
Flames lash the skeletal warrior.
The skeletal warrior is burned terribly!
The skeletal warrior is heavily damaged.
The skeletal warrior hits Xolani with a +0 battleaxe!!
Xolani is destroyed!
Casting: Scorch (safe; 1% risk of failure)
Confirm with . or Enter, or press ? or * to list all spells.
Flames lash the skeletal warrior but do no damage.
Casting: Scorch (safe; 1% risk of failure)
Confirm with . or Enter, or press ? or * to list all spells.
Flames lash the skeletal warrior.
The skeletal warrior is heavily damaged.
The skeletal warrior hits you with a +0 battleaxe!!
Casting: Scorch (safe; 1% risk of failure)
Confirm with . or Enter, or press ? or * to list all spells.
Flames lash the skeletal warrior but do no damage.
The skeletal warrior hits you with a +0 battleaxe!!
* * * LOW HITPOINT WARNING * * *
You emit a cloud of foul miasma!
Casting: Scorch (safe; 1% risk of failure)
Confirm with . or Enter, or press ? or * to list all spells.
Flames lash the skeletal warrior but do no damage.
The skeletal warrior hits you with a +0 battleaxe!!
You die...

#.####......#.#.#.##.R.####....#
#.######....#.#.#..###...##.....
#.##..####.##.#.##.#...##.#.#...
#.###..#####..#..#...####.#.##..
#.####..######)#.#.####..##.###.
#.##.##..##.###.)####..#.##.# #.
##.##..##..#.[.#####).###.##.# ##
...###.)##...##'##..### #.##.# #
...####....#####@z### ..##.# #
.#.##.#))####..###..# #.##.# #
...##..#####.#.'####..# #.##.## #
.#.#†####..#)#.#..####..#.##..###
.#.#.###.#R#.#.###..####§ #.....
.#.##..#R#.#.#.# ###..### #.##..
.#.####.##.#.#.# ###.)####.####
...#######.#R#.# ###..##.# #
#..##..####.##.# ###.R####.# ##


You could see a skeletal warrior (combustible).

Vanquished Creatures
  A hydra (D:8)
  A tengu warrior (D:8)
  Maggie (D:7)
  A komodo dragon (D:8)
  A hornet (D:8)
  Sigmund (D:6)
  6 yaks (D:8)
  Grum (D:8)
  An acid dragon (D:8)
  A water moccasin (D:6)
  3 black bears
  3 orc warriors
  2 ice beasts
  2 sky beasts
  4 wolves (D:8)
  6 bullfrogs
  2 necrophages
  A gnoll sergeant (D:8)
  4 scorpions
  14 wights
  5 killer bees (D:8)
  3 quasits (D:7)
  3 hounds
  A jelly (D:7)
  2 gnoll boudas
  5 orc priests
  2 iguanas
  6 orc wizards
  4 adders
  7 gnolls (D:6)
  A shadow imp (D:5)
  2 white imps (D:7)
  3 ufetubi
  2 worms
  2 dart slugs
  24 orcs
  7 endoplasms
  5 giant cockroaches
  4 goblins
  7 hobgoblins
  6 jackals
  6 kobolds
  3 quokkas
  2 ball pythons
  7 bats
  2 frilled lizards (D:1)
  2 rats (D:2)
179 creatures vanquished.

Vanquished Creatures (collateral kills)
  An orc wizard (D:8)
  A foxfire (D:7)
2 creatures vanquished.

Vanquished Creatures (others)
  5 ancestors (D:8)
  5 demonic plants (D:7)
  437 foxfires
  2 fungi (D:1)
  A plant (D:1)
450 creatures vanquished.

Grand Total: 631 creatures vanquished

Notes
Turn   | Place    | Note
-------+----------+-------------------------------------------
     0 | D:1      | croobank the Demonspawn Fire Elementalist began the quest
                  | for the Orb.
     0 | D:1      | Reached XP level 1. HP: 13/13 MP: 3/3
   307 | D:1      | Gained mutation: You have a pair of small horns on your
                  | head. [demonic ancestry]
   307 | D:1      | Reached XP level 2. HP: 19/19 MP: 3/5
   310 | D:1      | Learned a level 2 spell: Scorch
   773 | D:1      | Found a faded altar of an unknown god.
  1652 | D:2      | Reached XP level 3. HP: 25/25 MP: 0/6
  2761 | D:3      | Gained mutation: You may rarely emit foul miasma when
                  | damaged in melee. [demonic ancestry]
  2761 | D:3      | Reached XP level 4. HP: 31/31 MP: 4/7
  2837 | D:3      | Found an ornate altar of the Wu Jian Council.
  2907 | D:3      | Reached skill level 1 in Fighting
  2940 | D:3      | Found a basalt altar of Yredelemnul.
  3975 | D:4      | Found a stormy altar of Qazlal.
  4041 | D:4      | Noticed a scorpion
  4048 | D:4      | Killed a scorpion
  4049 | D:4      | Gained mutation: You are partially covered in yellow
                  | scales. (AC +2) [demonic ancestry]
  4049 | D:4      | Reached XP level 5. HP: 27/37 MP: 0/9
  4635 | D:5      | Entered Level 5 of the Dungeon
  4829 | D:5      | Reached XP level 6. HP: 44/44 MP: 7/10
  5187 | D:5      | Gained mutation: You are mostly covered in yellow scales.
                  | (AC +3) [demonic ancestry]
  5187 | D:5      | Reached XP level 7. HP: 51/51 MP: 11/12
  6352 | D:6      | Gained mutation: You have a pair of horns on your head.
                  | [demonic ancestry]
  6352 | D:6      | Reached XP level 8. HP: 55/56 MP: 13/13
  6357 | D:6      | Learned a level 4 spell: Flame Wave
  6361 | D:6      | Learned a level 3 spell: Inner Flame
  6573 | D:6      | Identified a scroll of acquirement
  6573 | D:6      | Acquired the +0 pair of gloves of Lugoow {rPois}
  6612 | D:6      | Identified the +7 long sword "Giseuch" {vorpal, Fragile
                  | Str+4 SInv}
  6819 | D:6      | Found a hazy altar of Hepliaklqana.
  6830 | D:6      | Became a worshipper of Hepliaklqana the Forgotten
  7137 | D:6      | Reached skill level 1 in Long Blades
  7245 | D:6      | Reached skill level 2 in Long Blades
  7450 | D:6      | Noticed Sigmund
  7470 | D:6      | Killed Sigmund
  7471 | D:6      | Reached skill level 4 in Long Blades
  7990 | D:7      | Reached skill level 5 in Long Blades
  8067 | D:7      | Gained mutation: You regenerate a little health from kills.
                  | [demonic ancestry]
  8067 | D:7      | Reached XP level 9. HP: 62/64 MP: 14/15
  8253 | D:7      | Reached skill level 6 in Long Blades
  8511 | D:7      | Found a staircase to the Ecumenical Temple.
  8590 | D:7      | Noticed Maggie
  8603 | D:7      | Killed Maggie
  8604 | D:7      | Reached skill level 1 in Invocations
  9136 | D:8      | Found Dunkezix's Overcharged Wands.
  9151 | D:7      | Reached skill level 1 in Armour
  9151 | D:7      | Reached skill level 1 in Shields
  9288 | D:8      | Found Dohian Faph's Jewellery Emporium.
  9297 | D:8      | Reached * piety under Hepliaklqana
  9813 | D:8      | Reached skill level 5 in Fire Magic
  9972 | D:8      | Gained mutation: You sometimes emit foul miasma when
                  | damaged in melee. [demonic ancestry]
  9972 | D:8      | Reached XP level 10. HP: 64/64 MP: 16/16
 10131 | D:8      | Noticed a tengu warrior
 10134 | D:8      | Noticed a six-headed hydra
 10137 | D:8      | Identified the amulet of Ethics {Drain rC+ Regen+ Dex+9
                  | SInv}
 10137 | D:8      | Noticed a skeletal warrior
 10142 | D:8      | Killed a tengu warrior
 10143 | D:8      | Reached skill level 5 in Stealth
 10166 | D:8      | Reached skill level 7 in Long Blades
 10460 | D:8      | Reached skill level 5 in Conjurations
 10460 | D:8      | Reached skill level 5 in Invocations
 10469 | D:8      | Reached skill level 5 in Dodging
 10470 | D:8      | Reached skill level 5 in Spellcasting
 10684 | D:8      | Found a sparkling altar of Nemelex Xobeh.
 10820 | D:8      | Noticed Grum
 10828 | D:8      | Killed Grum
 11210 | D:8      | Found a radiant altar of Vehumet.
 11703 | D:8      | Killed a six-headed hydra
 11783 | D:8      | Slain by a skeletal warrior

Illustrated notes

Levels and vault maps discovered:
D:1:      lightli_arrival_farm, layout_loops_corners,
          shapermc_ecumenical_altar_mp_urbaneastern,
          chequers_serial_rivers_micro_b
D:2:      layout_loops_cross, grunt_decor_clamped
D:3:      layout_loops_ring, overflow_temple_1_default,
          pdpol_wu_jian_five_deadly_venoms, kennysheep_generic_room_11
D:4:      layout_loops_corners, nicolae_overflow_crystal_walls,
          grunt_ministairs_12
D:5:      layout_basic
D:6:      layout_cave_pods, lemuel_doored_altar, minivault_10,
          kennysheep_cross_room, uniq_sigmund
D:7:      layout_loops_cross, minmay_temple_entry_water_ring, serial_demonic,
          serial_demonic_g, serial_demonic_c, serial_demonic_e,
          serial_demonic_f, uniq_maggie
D:8:      minmay_the_grid_triangle_9x9_rhombus_full
          [minmay_the_grid_triangle_9x9_thin_v,
          minmay_the_grid_triangle_9x9_windchime,
          minmay_the_grid_triangle_9x9_negative_grid,
          minmay_the_grid_triangle_9x9_impossible_snake,
          minmay_the_grid_triangle_9x9_semitri,
          minmay_the_grid_triangle_9x9_dagger,
          minmay_the_grid_triangle_9x9_corrupted_corridor,
          minmay_the_grid_triangle_9x9_prize_special], layout_layer_cave,
          nicolae_overflow_hidden_temple, vehumet_altar_wand_db, serial_shops,
          nicolae_stop_n_shop_2, nicolae_shop_overcharged_wands, uniq_grum

Skill      XL: |  1  2  3  4  5  6  7  8  9 10 |
---------------+-------------------------------+-----
Stealth        | 2 3 4 5 |  5.5
Dodging        | 2 3 4 5 |  5.2
Fire Magic     | 3 4 5 |  5.5
Fighting       | 1 2 3 4 |  4.9
Conjurations   | 2 3 4 5 |  5.3
Spellcasting   | 3 4 5 |  5.2
Long Blades    | 5 6 7 |  7.2
Invocations    | 3 6 |  6.1
Armour         | 1 2 |  2.9
Shields        | 1 2 |  2.8

Action                   |  1- 3 |  4- 6 |  7- 9 | 10-12 || total
-------------------------+-------+-------+-------+-------++-------
Melee: Trident           |    12 |     3 |       |       ||    15
       Headbutt          |     3 |     2 |     3 |     1 ||     9
       Short sword       |       |    10 |       |       ||    10
       Long sword        |       |       |    28 |    23 ||    51
       Punch             |       |       |     1 |       ||     1
 Fire: Sling             |       |     3 |       |       ||     3
 Cast: Foxfire           |    43 |    30 |   143 |    42 ||   258
       Scorch            |    20 |    37 |   133 |    50 ||   240
Evoke: Wand              |       |       |       |     1 ||     1
  Use: Scroll            |       |    10 |    11 |     2 ||    23
       Potion            |       |       |     1 |       ||     1
Armor: Robe              |     1 |     9 |    19 |       ||    29
       Steam dragon scal |       |       |    14 |    23 ||    37
Dodge: Dodged            |    10 |     9 |    69 |    41 ||   129
Block: Buckler           |       |       |       |    10 ||    10
